 Dungeon Crawl Stone Soup version 0.22.1-1-ga44c0e56f4 (webtiles) character file.

19 Reeggar the Scratcher (level 2, 0/12 HPs)
             Began as a Felid Transmuter on Oct 23, 2018.
             Slain by a hobgoblin (4 damage)
             ... on level 1 of the Dungeon.
             The game lasted 00:02:25 (473 turns).

Reeggar the Scratcher (Felid Transmuter)             Turns: 473, Time: 00:02:26

Health: 0/12       AC:  1    Str:  6    XL:     2   Next: 55%
Magic:  6/6        EV: 18    Int: 14    God:
Gold:   32         SH:  0    Dex: 16    Spells: 4/5 levels left
                                        Lives:  0   Deaths: 0

rFire    . . .     SeeInvis +     - Unarmed
rCold    . . .     Gourm    .   (shield unavailable)
rNeg     . . .     Faith    .   (armour unavailable)
rPois    .         Spirit   .   (helmet unavailable)
rElec    .         Reflect  .   (cloak unavailable)
rCorr    .         Harm     .   (gloves unavailable)
MR       .....                  (boots unavailable)
Stlth    ++........             (no amulet)
HPRegen  0.04/turn              (no ring)
MPRegen  0.10/turn              (no ring)

@: quick
A: very small, no armour, no weapons or thrown items, stealth, claws 1, fangs 3,
see invisible, carnivore, speed 1, shaggy fur 1, slow metabolism 1, sharp paws
a: no special abilities


You were on level 1 of the Dungeon.
You were not hungry.

You visited 1 branch of the dungeon, and saw 1 of its levels.

You collected 32 gold pieces.

Inventory:

Missiles
 a - 12 arrows
Scrolls
 b - a scroll of remove curse {unknown}
 f - a scroll of enchant weapon {unknown}
Potions
 e - a potion of berserk rage {unknown}
 g - a potion of brilliance {unknown}
Comestibles
 c - 4 rations
 d - 3 chunks of flesh


   Skills:
 + Level 1.0 Fighting
 + Level 2.7 Dodging
 + Level 3.6 Unarmed Combat
 + Level 2.1 Spellcasting
 + Level 2.5 Transmutations


You had 4 spell levels left.
You knew the following spells:

 Your Spells              Type           Power        Failure   Level  Hunger
a - Beastly Appendage     Tmut           #.....       9%          1    #......

Your spell library contained the following spells:

 Spells                   Type           Power        Failure   Level  Hunger
 Sticks to Snakes         Tmut           #.......     13%         2    ###....
 Spider Form              Tmut/Pois      #.........   38%         3    ###....
 Ice Form                 Ice/Tmut       #.......     80%         4    #####..
 Blade Hands              Tmut           #.........   93%         5    ######.


Dungeon Overview and Level Annotations

Branches:
Dungeon (1/15)

Altars:


Innate Abilities, Weirdness & Mutations

You cannot wear armour.
You are incapable of wielding weapons or throwing items.
Your paws allow you to move quietly. (Stealth)
You have sharp claws.
You have razor-sharp teeth.
You have supernaturally acute eyesight. (SInv)
You are carnivorous and can eat meat at any time.
You cover ground quickly.
You are covered in fur. (AC +1)
You have a slow metabolism.
Your sharp claws are effective at attacking unaware monsters.


Message History

The bat is severely wounded.
The bat misses you.
You scratch the bat.
You kill the bat!
Some of the chunks of flesh in your inventory have rotted away.
Things that are here:
a short sword; a kobold corpse The kobold corpse isn't edible.
You now have 32 gold pieces (gained 9).
Your horns disappear.
A hobgoblin comes into view.
The hobgoblin shouts!
A kobold comes into view.
The kobold shouts!
The hobgoblin completely misses you.
The kobold throws a stone.
The stone completely misses you. The hobgoblin hits you.
The hobgoblin misses you.
The kobold throws a stone.
The stone hits you. The hobgoblin hits you.
You die...

##. #####. # #.. ....).
#. #.# #####. #.########
#.# ## .K......# #.# #
#......#####.########
#.$..................
#......####.########.
#..(@.(# #.########. #
#.##g######.##.......
#.#..............##....
.##.g..)...........##..##
#..........####+######..#
#########..# #.##..##
#..# #....... #..#
#.##.### #... ####.#


You could see a hobgoblin and a kobold.

Vanquished Creatures
  An ooze (D:1)
  2 giant cockroaches (D:1)
  A goblin (D:1)
  3 hobgoblins (D:1)
  A kobold (D:1)
  2 bats (D:1)
  A frilled lizard (D:1)
  4 rats (D:1)
15 creatures vanquished.

Notes
Turn   | Place    | Note
-------+----------+-------------------------------------------
     0 | D:1      | Reeggar the Felid Transmuter began the quest for the Orb.
     0 | D:1      | Reached XP level 1. HP: 9/9 MP: 4/4
   203 | D:1      | Reached XP level 2. HP: 12/12 MP: 4/6
   473 | D:1      | Slain by a hobgoblin

Action                   || total
-------------------------++-------
Melee: Unarmed           ||    35
       Headbutt          ||     8
       Bite              ||     2
       Punch             ||     1
 Cast: Beastly Appendage ||     7
 Stab: Sleeping          ||     1
Armor: Skin              ||     1
Dodge: Dodged            ||    39
